 Dungeon Crawl Stone Soup version 0.17-a0-1571-g3ed2ab2 (console) character file.

474 Illaniel the Charmwright (level 6, -2/39 (42) HPs)
             Began as a High Elf Skald on July 24, 2015.
             Slain by a necrophage (5 damage)
             ... on level 4 of the Dungeon.
             The game lasted 00:19:54 (3859 turns).

Illaniel the Charmwright (High Elf Skald)           Turns: 3859, Time: 00:19:54

HP:   -2/39 (42)    AC:  5    Str: 13    XL:     6   Next: 84%
MP:   12/12         EV: 12    Int: 15    God:
Gold: 148           SH:  0    Dex: 16    Spells: 4 memorised, 1 level left

rFire  . . .     SeeInvis .     a - +0 falchion
rCold  . . .     Clarity  .     b - +1 leather armour
rNeg   . . .     SustAt   .     (no shield)
rPois  .         Gourm    .     (no helmet)
rElec  .         Spirit   .     (no cloak)
rCorr  .         Warding  .     (no gloves)
rMut   .         Stasis   .     l - +0 pair of boots
MR     .....                    s - amulet of rage
Stlth  ++........               (no ring)
                                (no ring)

@: non-regenerating, badly diseased, not resistant to hostile enchantments,
unstealthy
A: no striking features
a: Evoke Berserk Rage


You were on level 4 of the Dungeon.
You were not hungry.

You visited 1 branch of the dungeon, and saw 6 of its levels.

You collected 148 gold pieces.

Inventory:

Hand weapons
 a - a +0 falchion (weapon)
Missiles
 n - 8 poisoned needles
 r - 2 curare-tipped needles
Armour
 b - a +1 leather armour (worn)
 l - a +0 pair of boots (worn)
Jewellery
 s - an amulet of rage (around neck)
Magical devices
 o - a wand of slowing (32)
 y - a wand of digging (12)
Scrolls
 f - a scroll of fear
 p - a scroll of amnesia
 w - 2 scrolls of blinking {unknown}
 x - a scroll of enchant armour
 A - a scroll of remove curse {unknown}
Potions
 e - 2 potions of brilliance
 h - a potion of cancellation {unknown}
 i - 3 potions of lignification
 k - a potion of agility
 t - a potion of curing
 u - a potion of poison
 z - 2 potions of haste
Books
 c - a book of Battle

   Spells                             Type                      Level
   a - Infusion                       Charms                       1
   b - Shroud of Golubria             Charms/Translocation         2
   c - Song of Slaying                Charms                       2
   d - Spectral Weapon                Hexes/Charms                 3
   e - Regeneration                   Charms/Necromancy            3
 j - a book of Death

   Spells                             Type                      Level
   a - Corpse Rot                     Necromancy                   2
   b - Sublimation of Blood           Necromancy                   2
   c - Agony                          Necromancy                   5
   d - Dispel Undead                  Necromancy                   5
   e - Excruciating Wounds            Charms/Necromancy            5
   f - Bolt of Draining               Conjuration/Necromancy       5
Comestibles
 d - 3 bread rations
 g - 2 chunks of flesh
 m - a slice of pizza
 q - a royal jelly
 v - 4 fruits


   Skills:
 + Level 3.4 Fighting
 * Level 4.4 Long Blades
 + Level 2.2 Armour
 + Level 2.5 Dodging
 + Level 1.3 Stealth
 + Level 3.3 Spellcasting
 + Level 1.5 Hexes
 + Level 4.4 Charms
 + Level 1.6 Translocations
 + Level 1.2 Evocations


You had one spell level left.
You knew the following spells:

 Your Spells              Type           Power        Failure   Level  Hunger
b - Song of Slaying       Chrm           ###.....     8%          2    ##.....
c - Spectral Weapon       Hex/Chrm       ##......     24%         3    ###....
h - Shroud of Golubria    Chrm/Tloc      ##........   14%         2    ##.....
r - Regeneration          Chrm/Necr      #.........   30%         3    ###....


Dungeon Overview and Level Annotations

Branches:
Dungeon (6/15)             Temple (0/1) D:5

Altars:
Cheibriados
Ru
The Shining One

Shops:
D:5 [


Message History

The adder skeleton bites you but does no damage.
There is a stone staircase leading up here.
The necrophage hits you.
* * * LOW HITPOINT WARNING * * *
The crimson imp hits you but does no damage.
The adder skeleton barely misses you.
You climb upwards.
There is a stone staircase leading down here.
Read which item? (? for menu, Esc to quit)
Okay, then.
Read which item? (? for menu, Esc to quit)
As you read the scroll of fear, it crumbles to dust.
You assume a fearsome visage.
The giant newt looks frightened!
The necrophage is unaffected.
The crimson imp is unaffected.
The scorpion looks frightened!
The necrophage hits you.
* * * LOW HITPOINT WARNING * * *
The crimson imp hits you.
* * * LOW HITPOINT WARNING * * *
The necrophage hits you.
You die...

░·░░░░ ░·░ ░·░
░░░░·░ ░····░
░·░░░░ ░·░ ░·░ ▒▒▒▒
░·░ ▒∙∙∙ ░·░ ▒∙▒▒
░·▒▒░▒∙▒ ░·▒∙▒▒<▒▒
░░░··▒∙∙∙∙∙
░···░▒▒∙∙∙∙ ░··░░
▒▒∙▒▒
▒▒▒▒▒▒▒▒▒∙░·░▒▒∙∙▒▒
▒n@∙∙s∙∙∙∙∙∙∙▒∙∙\∙▒
▒>▒▒▒▒▒▒▒▒░▒∙%∙∙∙∙∙
▒5▒ ▒∙∙∙∙∙∙∙ ▒∙▒
▒∙▒∙∙∙∙∙ ▒∙▒
▒∙∙∙∙∙∙∙ ▒∙▒
▒▒∙▒▒∙▒∙ ▒∙▒
▒∙░▒∙▒∙ ▒l▒░░
▒∙░▒∙▒∙ ▒∙∙·░
░░░░░·░▒∙·∙ ░░░·░
░·········· ░·░
░·░░░·░░░░· ░·░ ░·░
░······ ░·░
░·░░░░░░░░· ░·░
░·····░ ░· ░·░
░░░░░·░ ░· ░·░ ░·░
░· ░·░ ░·░ ░·


You could see a necrophage, a scorpion (fleeing), a crimson imp and a giant newt
(fleeing).

Vanquished Creatures
  A centaur (D:5)
  A hound (D:5)
  2 crimson imps (D:5)
  2 orc wizards
  A worker ant (D:4)
  7 gnolls
  3 adders
  An ooze (D:3)
  2 adder skeletons
  2 worms
  12 orcs
  3 ball pythons
  6 giant cockroaches
  11 hobgoblins
  11 jackals
  10 kobolds
  2 quokkas
  12 bats
  A giant gecko (D:6)
  A giant gecko zombie (D:5)
  3 giant newts
  6 goblins
  6 rats
106 creatures vanquished.

Notes
Turn   | Place    | Note
--------------------------------------------------------------
     0 | D:1      | Illaniel the High Elf Skald began the quest for the Orb.
     0 | D:1      | Reached XP level 1. HP: 14/14 MP: 4/4
     6 | D:1      | Reached skill level 1 in Armour
   267 | D:1      | Reached XP level 2. HP: 19/19 MP: 3/6
   283 | D:1      | Learned a level 2 spell: Shroud of Golubria
   947 | D:2      | Found a snail-covered altar of Cheibriados.
   992 | D:2      | Reached XP level 3. HP: 18/25 MP: 2/8
  1093 | D:2      | Learned a level 3 spell: Spectral Weapon
  1128 | D:2      | Found a sacrificial altar of Ru.
  1440 | D:2      | Reached XP level 4. HP: 20/30 MP: 0/9
  1541 | D:2      | Reached skill level 4 in Charms
  2615 | D:3      | Reached XP level 5. HP: 33/36 MP: 3/10
  2712 | D:4      | Learned a level 3 spell: Regeneration
  2715 | D:4      | Learned a level 2 spell: Song of Slaying
  2818 | D:4      | Found a glowing golden altar of the Shining One.
  2908 | D:5      | Entered Level 5 of the Dungeon
  2908 | D:5      | Noticed an ice beast
  3022 | D:4      | Reached skill level 1 in Hexes
  3107 | D:5      | Found Lumih's Armour Shop.
  3247 | D:5      | Reached skill level 1 in Stealth
  3247 | D:5      | Reached XP level 6. HP: 38/42 MP: 8/11
  3253 | D:5      | Noticed a centaur
  3263 | D:5      | Killed a centaur
  3263 | D:5      | Reached skill level 1 in Translocations
  3263 | D:5      | Reached skill level 1 in Evocations
  3465 | D:5      | Noticed a sky beast
  3832 | D:5      | Found a staircase to the Ecumenical Temple.
  3833 | D:5      | Noticed a necrophage
  3859 | D:4      | Slain by a necrophage

Vault maps used:
D:1:      dpeg_arrival_brainrot, interstate_on_off
D:2:      cheibriados_altar_wand_db, minmay_misc_feat_enclosed,
          nicolae_ru_path_of_blood
D:4:      nicolae_tso_carved_into_rock
D:5:      temple_statues, first_bread, serial_shops, shop
D:6:      vehumet_statue, kennysheep_mini

Action                   |  1- 3 |  4- 6 || total
-------------------------+-------+-------++-------
Melee: Falchion          |   106 |   196 ||   302
 Cast: Infusion          |    22 |    11 ||    33
       Shroud of Golubri |     4 |    11 ||    15
       Spectral Weapon   |     3 |    20 ||    23
       Regeneration      |       |     6 ||     6
       Song of Slaying   |       |     1 ||     1
  Use: Scroll            |       |    14 ||    14
 Stab: Distracted        |     1 |       ||     1
  Eat: Chunk             |     1 |    15 ||    16
